 Dungeon Crawl Stone Soup version 0.31.0-4-g52a2dc7128 (webtiles) character file.

Game seed: 18069579275610110942

18743 Curundu the Severer (level 12, -11/168 HPs)
             Began as a Minotaur Berserker on Jan 21, 2024.
             Was a High Priest of Trog.
             Mangled by an enormous slime creature (43 damage)
             ... on level 12 of the Dungeon.
             The game lasted 00:48:10 (11861 turns).

Curundu the Severer (Minotaur Berserker)           Turns: 11861, Time: 00:48:11

Health: -11/168    AC: 22    Str: 26    XL:     12   Next: 30%
Magic:  11/11      EV:  9    Int:  4    God:    Trog [*****.]
Gold:   991        SH:  0    Dex: 11    Spells: 11/11 levels left

rFire   . . .        M - +1 broad axe (venom)
rCold   . . .        (no shield)
rNeg    . . .        c - +0 plate armour
rPois   +            o - +2 hat
rElec   .            s - +2 cloak
rCorr   .            (no gloves)
SInv    .            C - +0 pair of boots
Will    ++...        l - amulet "Mougy" {Regen+ Stlth+} Stlth
                     q - ring of poison resistance
HPRegen 2.28/turn    (no ring)
MPRegen 0.12/turn

%: no passive effects
@: berserking, strong-willed, regenerating, very quick
A: horns 2, retaliatory headbutt
a: Renounce Religion, Berserk, Trog's Hand, Brothers in Arms


You were on level 12 of the Dungeon.
You worshipped Trog.
Trog was extremely pleased with you.
You visited 1 branch of the dungeon, and saw 12 of its levels.

You collected 1156 gold pieces.
You spent 165 gold pieces at shops.

Inventory:

Hand Weapons
 p - a +0 war axe
 w - a +0 orcbow
 M - a +1 broad axe of venom (weapon)
Missiles
 e - 7 boomerangs (quivered)
 z - 3 throwing nets
Armour
 c - a +0 plate armour (worn)
 o - a +2 hat (worn)
 s - a +2 cloak (worn)
 C - a +0 pair of boots (worn)
Jewellery
 l - the amulet "Mougy" (around neck) {Regen+ Stlth+}
   (You took it off a hobgoblin on level 3 of the Dungeon)

   [amulet of regeneration]

   Regen+:    It increases your rate of health regeneration.
   Stlth+:    It makes you more stealthy.
 q - a ring of poison resistance (left hand)
 y - a ring of protection from cold
 A - a ring of ice
 F - an amulet of faith
 L - a ring of ice
Wands
 f - a wand of flame (29)
 h - a wand of mindburst (13)
 B - a wand of polymorph (23)
 H - a wand of quicksilver (6)
 I - a wand of paralysis (5)
Scrolls
 b - 3 scrolls of revelation
 k - 6 scrolls of immolation
 r - 3 scrolls of blinking
 x - a scroll of silence
 D - a scroll of torment
 K - a scroll of teleportation
Potions
 a - a potion of mutation
 d - a potion of might
 g - 2 potions of brilliance
 i - 2 potions of invisibility
 j - a potion of curing
 m - 5 potions of resistance
 n - 2 potions of heal wounds
 t - 2 potions of enlightenment
 u - 2 potions of degeneration
 v - a potion of lignification
 E - a potion of ambrosia
 G - a potion of attraction


   Skills:
 + Level 12.2 Fighting
 + Level 16.3 Axes
 - Level 4.3 Throwing
 + Level 12.5 Armour
 * Level 4.4 Dodging
 - Level 0.8 Stealth


You had 11 spell levels left.
You didn't know any spells.
Your spell library was empty.

Dungeon Overview and Level Annotations

Branches:
Dungeon (12/15)            Temple (0/1) D:6            Lair (0/5) D:11
    Orc (0/2) D:10

Altars:
Ashenzari
Dithmenos
Gozag
Makhleb
Qazlal
Uskayaw
Vehumet
Xom
Yredelemnul
The Shining One

Shops:
D:1 [   D:5 *   D:11 ((*!


Innate Abilities, Weirdness & Mutations

You have a pair of horns on your head.
You reflexively headbutt those who attack you in melee.


Message History

The enormous slime creature is lightly wounded.
The enormous slime creature hits you but does no damage.
You hit the enormous slime creature.
You headbutt the enormous slime creature.
The enormous slime creature is lightly wounded.
You slice the enormous slime creature!!
The enormous slime creature is lightly wounded.
The enormous slime creature hits you but does no damage.
You hit the enormous slime creature.
The enormous slime creature is lightly wounded.
The enormous slime creature hits you!!!
Ouch! That really hurt!
You hit the enormous slime creature.
You headbutt the enormous slime creature!
The enormous slime creature is lightly wounded.
The enormous slime creature hits you but does no damage.
A red film seems to cover your vision as you go berserk!
You feel yourself moving faster!
You feel mighty! The enormous slime creature hits you!
You slice the enormous slime creature!!
The enormous slime creature is moderately wounded.
You slash the enormous slime creature!
You headbutt the enormous slime creature!
The enormous slime creature is moderately wounded.
The enormous slime creature hits you!!
* * * LOW HITPOINT WARNING * * *
You hit the enormous slime creature.
You headbutt the enormous slime creature!
The enormous slime creature is heavily wounded.
You completely miss the enormous slime creature.
The enormous slime creature is heavily wounded.
The enormous slime creature hits you but does no damage.
You slash the enormous slime creature!
You headbutt the enormous slime creature!!
The enormous slime creature is heavily wounded.
You slash the enormous slime creature!
You headbutt the enormous slime creature!
The enormous slime creature is severely wounded.
The enormous slime creature hits you!!!
You die...

.......# .......#
########+## ...._..#
#.........#
.......#### .........
.......'... .......
.......# .....
..))...# ... ##)#####
#J# #)## #@### #))##
#...# ##))# ###.#
####)##### #.#
^...)....# #######'##
.........# #........#
.........###........#
...........#........#
...^.....#.'.....<..#


You could see an enormous slime creature.

Vanquished Creatures
  Fannar (D:11)
  4 two-headed ogres
  A cyclops (D:12)
  7 centaur zombies (D:10)
  Maggie (D:6)
  2 gargoyles
  An unseen horror (D:11)
  A kobold demonologist (D:12)
  2 komodo dragons
  3 unseen horror zombies (D:10)
  A troll (D:12)
  A hornet (D:8)
  The ghost of Persephone the Chopper, an amateur GrFi (D:4)
  2 wyverns
  2 wraiths
  A shadow (D:11)
  5 slime creatures
  2 vampires
  12 yaks
  A basilisk (D:12)
  A steam dragon (D:8)
  Edmund (D:6)
  2 water moccasins
  3 black bears (D:6)
  9 orc warriors
  4 sky beasts
  5 ogres
  4 centaurs
  A phantom (D:6)
  A kobold brigand (D:8)
  5 bullfrogs
  2 gnoll sergeants
  3 scorpions
  4 wights (D:8)
  6 killer bees (D:9)
  5 electric eels (D:10)
  4 howler monkeys
  7 hounds
  6 orc priests
  2 bombardier beetles (D:5)
  A jelly (D:8)
  6 sleepcaps
  4 iguanas
  13 orc wizards
  Robin (D:3)
  3 adders
  9 gnolls
  3 shadow imps
  5 white imps
  An ufetubus (D:6)
  2 ribbon worms
  4 dart slugs
  56 orcs
  6 endoplasms
  5 giant cockroaches
  14 hobgoblins
  2 jackals (D:2)
  4 quokkas
  11 ball pythons
  4 bats
  3 frilled lizards
  14 goblins
  18 kobolds
  9 rats
324 creatures vanquished.

Vanquished Creatures (others)
  A shadow imp (D:6)
1 creature vanquished.

Grand Total: 325 creatures vanquished

Notes
Turn   | Place    | Note
-------+----------+-------------------------------------------
     0 | D:1      | Curundu the Minotaur Berserker began the quest for the Orb.
     0 | D:1      | Reached XP level 1. HP: 19/19 MP: 0/0
   162 | D:1      | Reached skill level 4 in Axes
   162 | D:1      | Reached XP level 2. HP: 26/27 MP: 1/1
   210 | D:1      | Found Ocous's Armour Shop.
   538 | D:1      | Reached ** piety under Trog
   612 | D:1      | Reached XP level 3. HP: 33/33 MP: 2/2
  1210 | D:2      | Reached XP level 4. HP: 40/40 MP: 3/3
  1387 | D:2      | Reached skill level 5 in Axes
  1951 | D:3      | Identified the amulet "Mougy" {Regen+ Stlth+}
  2226 | D:3      | Reached *** piety under Trog
  2269 | D:3      | Noticed Robin
  2288 | D:3      | Killed Robin
  2815 | D:4      | Reached XP level 5. HP: 47/47 MP: 4/4
  2912 | D:4      | Reached skill level 6 in Axes
  3119 | D:4      | Found a large runed translucent door.
  3119 | D:4      | Found a large runed translucent door.
  3120 | D:4      | Noticed Persephone's ghost (amateur GrFi)
  3200 | D:4      | Reached XP level 6. HP: 53/53 MP: 5/5
  3416 | D:4      | Found an opulent altar of Gozag.
  3452 | D:4      | Killed Persephone's ghost
  3453 | D:4      | Reached skill level 5 in Fighting
  3453 | D:4      | Reached skill level 7 in Axes
  3556 | D:5      | Entered Level 5 of the Dungeon
  3572 | D:5      | Reached skill level 5 in Armour
  3572 | D:5      | Reached XP level 7. HP: 61/61 MP: 6/6
  3924 | D:5      | Reached skill level 8 in Axes
  3964 | D:5      | Found Roel's Neck Hole.
  3970 | D:5      | Bought a +2 cloak for 165 gold pieces
  4332 | D:5      | Reached XP level 8. HP: 70/70 MP: 7/7
  4455 | D:6      | Noticed Maggie
  4461 | D:6      | Killed Maggie
  4462 | D:6      | Reached skill level 9 in Axes
  4700 | D:6      | Reached skill level 10 in Axes
  4767 | D:6      | Reached skill level 1 in Throwing
  4963 | D:6      | Found a staircase to the Ecumenical Temple.
  5029 | D:6      | Noticed Edmund
  5042 | D:6      | Killed Edmund
  5043 | D:6      | Reached XP level 9. HP: 78/78 MP: 8/8
  5126 | D:6      | Found a shimmering altar of Xom.
  5145 | D:6      | Reached skill level 11 in Axes
  5660 | D:7      | Found a flagged portal.
  5674 | D:7      | Reached **** piety under Trog
  6200 | D:8      | Reached skill level 12 in Axes
  6276 | D:8      | Reached XP level 10. HP: 49/90 MP: 9/9
  6474 | D:8      | Found a radiant altar of Vehumet.
  6474 | D:8      | Found a hide-covered altar of Uskayaw.
  6611 | D:8      | Reached skill level 13 in Axes
  6666 | D:8      | Identified the +1 whip "Heudgh" {flame, SInv}
  6808 | D:8      | Found a shadowy altar of Dithmenos.
  6851 | D:8      | Found a glowing golden altar of the Shining One.
  8157 | D:9      | Reached skill level 14 in Axes
  8233 | D:9      | You fall into a shaft and drop 3 floors!
  8316 | D:11     | Noticed a two-headed ogre
  8325 | D:11     | Killed a two-headed ogre
  8326 | D:11     | Reached skill level 10 in Fighting
  8428 | D:11     | Found Janycs's Assorted Antiques.
  8462 | D:11     | Found Tury's Distillery.
  8635 | D:10     | Entered Level 10 of the Dungeon
  8636 | D:10     | Found a burning altar of Makhleb.
  8638 | D:10     | Noticed a cacodemon
  8642 | D:10     | Noticed a smoke demon
  8642 | D:10     | Noticed a smoke demon
  8657 | D:10     | Reached skill level 10 in Armour
  8657 | D:10     | Reached XP level 11. HP: 93/100 MP: 10/10
  8819 | D:10     | Noticed a two-headed ogre
  8828 | D:10     | Killed a two-headed ogre
  8976 | D:10     | Reached ***** piety under Trog
  8998 | D:10     | Found a stormy altar of Qazlal.
  9111 | D:10     | Found a basalt altar of Yredelemnul.
  9180 | D:10     | Reached skill level 15 in Axes
  9189 | D:10     | Noticed a two-headed ogre
  9196 | D:10     | Killed a two-headed ogre
  9213 | D:10     | Found a staircase to the Orcish Mines.
  9383 | D:10     | Found a broken altar of Ashenzari.
  9853 | D:10     | Noticed a two-headed ogre
  9860 | D:10     | Killed a two-headed ogre
 10566 | D:11     | Found Qots's Antique Weapon Shoppe.
 10566 | D:11     | Found a staircase to the Lair.
 10805 | D:11     | Noticed Fannar
 10833 | D:11     | Killed Fannar
 10834 | D:11     | Reached XP level 12. HP: 111/111 MP: 11/11
 11029 | D:11     | Found Ugasoomi's Antique Weapon Boutique.
 11045 | D:11     | Reached skill level 16 in Axes
 11508 | D:12     | Identified the +2 ring mail of Plasticity {rElec rPois rF-
                  | Slay+3}
 11861 | D:12     | Mangled by an enormous slime creature

Illustrated notes

Levels and vault maps discovered:
D:1:      minmay_arrival_nine_rooms, layout_basic, serial_shops,
          nicolae_shop_rolling_square, st_stairs_4, serial_bayou_pond_b,
          minmay_misc_feat_tower, dk_noncrumbling_4
D:2:      layout_loops_ring, minivault_5, hangedman_decor_growths,
          minmay_hexomino_u4
D:3:      layout_basic, uniq_robin
D:4:      layout_basic, kennysheep_mini_moat, ebering_ghost_disaster_area,
          hellmonk_no_cap
D:5:      layout_cave_pods, nicolae_shop_sticking_my_neck_out
D:6:      minmay_general_purpose_star, layout_basic, xom_confusion_cloud,
          minmay_temple_entry_enclosed_plants, hangedman_decor_clover_reticule,
          st_stairs_4, uniq_maggie, uniq_edmund
D:7:      layout_gridville, enter_bailey_5, kennysheep_small_circle
D:8:      kennysheep_housing_project, layout_rooms, tso_altar,
          grunt_dithmenos_smoke, mainiacjoe_overflow_large_starburst
D:9:      layout_basic
D:10:     layout_basic, makhleb_altar_promises_db, nicolae_ashenzari_skybound,
          nicolae_yredelemnul_corpse_copse, amcnicky_altar_gilded
D:11:     layout_layer_cave, lair_entry_dummy, serial_shops,
          nicolae_shop_tiny_waterfront, shop, nicolae_shop_trees,
          nicolae_shop_crystal, uniq_fannar
D:12:     layout_roguey [special_room_orc], chequers_serial_rivers_marsh

Skill      XL: |  1  2  3  4  5  6  7  8  9 10 11 12 |
---------------+-------------------------------------+-----
Axes           | 4 5 6 7 8 10 12 14 15 16 | 16.3
Fighting       | 4 5 6 8 10 11 12 | 12.2
Armour         | 3 4 5 7 8 10 11 12 | 12.5
Dodging        | 3 4 |  4.4
Throwing       | 1 2 4 |  4.3
Stealth        | |  0.8

Action                     |  1- 3 |  4- 6 |  7- 9 | 10-12 || total
---------------------------+-------+-------+-------+-------++-------
  Melee: Hand axe          |    66 |   146 |       |       ||   212
         Headbutt          |    17 |    23 |    43 |   144 ||   227
         Punch             |       |     2 |     3 |     6 ||    11
         War axe           |       |    27 |   245 |   383 ||   655
         Broad axe         |       |       |       |   118 ||   118
  Throw: Boomerang         |       |       |     7 |    32 ||    39
 Invoke: Trog's Hand       |       |     3 |     8 |    11 ||    22
         Berserk           |       |     1 |     6 |     8 ||    15
    Use: Scroll            |     4 |     5 |     6 |    11 ||    26
 Armour: Plate armour      |    65 |   150 |   253 |   481 ||   949
         Animal skin       |     1 |       |       |       ||     1
  Dodge: Dodged            |    32 |    57 |   105 |   164 ||   358
